 Dungeon Crawl Stone Soup version 0.28-a0-268-g3f656e82c2 (webtiles) character file.

Game seed: 3643902307033102952

391 PentaManta the Nimble (level 6, -1/32 HPs)
             Began as a Spriggan Berserker on Aug 28, 2021.
             Was a Believer of Trog.
             Slain by an iguana (11 damage)
             ... on level 5 of the Dungeon.
             The game lasted 00:06:06 (5566 turns).

PentaManta the Nimble (Spriggan Berserker)          Turns: 5566, Time: 00:06:07

Health: -1/32      AC:  2    Str: 13    XL:     6   Next: 50%
Magic:  7/7        EV: 22    Int:  9    God:    Trog [**....]
Gold:   178        SH:  0    Dex: 16    Spells: 5/5 levels left

rFire   . . .      SeeInvis +   c - +0 short sword
rCold   . . .      Faith    .   (shield restricted)
rNeg    . . .      Spirit   .   b - +0 animal skin
rPois   .          Reflect  .   (helmet restricted)
rElec   .          Harm     .   (no cloak)
rCorr   .          Rampage  .   (gloves unavailable)
Will    +....                   (boots unavailable)
Stlth   +.........              (no amulet)
HPRegen 0.10/turn               (no ring)
MPRegen 0.10/turn               (no ring)

@: very quick
A: very small, no large weapons, unfitting armour, see invisible, speed 3
a: Renounce Religion, Berserk, Trog's Hand


You were on level 5 of the Dungeon.
You worshipped Trog.
Trog was pleased with you.
You visited 1 branch of the dungeon, and saw 5 of its levels.

You collected 178 gold pieces.

Inventory:

Hand Weapons
 a - a +0 falchion
 c - a +0 short sword (weapon)
 u - a +1 whip of electrocution
Missiles
 d - 8 boomerangs
 j - 15 poisoned darts (quivered)
Armour
 b - a +0 animal skin (worn)
Jewellery
 o - a +4 ring of protection
 r - a +4 ring of protection
 w - an amulet of faith
Scrolls
 f - 2 scrolls of blinking {unknown}
 g - a scroll of fear {unknown}
 i - 2 scrolls of magic mapping {unknown}
 k - a scroll of teleportation {unknown}
 l - 2 scrolls of identify {unknown}
 m - a scroll of enchant weapon {unknown}
 n - a scroll of vulnerability {unknown}
 q - a scroll of noise {unknown}
 s - a scroll of fog {unknown}
 v - a scroll of torment {unknown}
 x - a scroll of holy word {unknown}
Potions
 e - a potion of cancellation {unknown}
 h - 2 potions of curing {unknown}
 p - 2 potions of degeneration {unknown}
 t - a potion of heal wounds {unknown}


   Skills:
 - Level 2.4 Fighting
 + Level 4.0 Long Blades
 * Level 8.3 Dodging


You had 5 spell levels left.
You didn't know any spells.
Your spell library was empty.

Dungeon Overview and Level Annotations

Branches:
Dungeon (5/15)
 Temple: D:4-7

Altars:
Makhleb
Qazlal
Sif Muna
Zin


Innate Abilities, Weirdness & Mutations

You are very small and have problems with some larger weapons.
You are too small for most types of armour.
You have supernaturally acute eyesight. (SInv)
You cover ground extremely quickly. (Speed+++)


Message History

You hit the adder.
You kill the adder!
Trog accepts your kill.
No target in view!
You see here 17 arrows.
Done exploring.
Done exploring.
Done exploring.
Done exploring.
There is a stone staircase leading down here.
You climb downwards.
There is a stone staircase leading up here.
A jelly comes into view.
A jelly is nearby!
A jelly is nearby!
An iguana comes into view.
The helpless iguana fails to defend itself.
You hit the iguana.
The iguana is moderately wounded.
The iguana closely misses you.
You closely miss the iguana.
The iguana is moderately wounded.
The iguana barely misses you.
You hit the iguana but do no damage.
The iguana is moderately wounded.
The iguana hisses menacingly.
The iguana barely misses you.
You hit the iguana.
The iguana is severely wounded.
The iguana closely misses you.
You hit the iguana but do no damage.
The iguana is severely wounded.
The iguana bites you!
You hit the iguana but do no damage.
The iguana is severely wounded.
The iguana bites you!
You barely miss the iguana.
The iguana is severely wounded.
The iguana bites you!
You die...

## #. #.
########## #.
#.......<#
######.
#.########
.......##.###
.......#....##.
......l@........
.......####.#....
######. .# ### #.
.. .. .J ## ...


You could see an iguana.

Vanquished Creatures
  Menkaure (D:4)
  A hound (D:3)
  2 iguanas
  A hound skeleton (D:4)
  5 gnolls
  6 adders
  An adder skeleton (D:4)
  2 dart slugs
  8 bats
  5 endoplasms
  6 giant cockroaches
  7 goblins
  3 hobgoblins
  6 jackals (D:1)
  2 quokkas (D:1)
  4 ball pythons
  4 frilled lizards
  8 kobolds
  3 rats
75 creatures vanquished.

Notes
Turn   | Place    | Note
-------+----------+-------------------------------------------
     0 | D:1      | PentaManta the Spriggan Berserker began the quest for the
                  | Orb.
     0 | D:1      | Reached XP level 1. HP: 11/11 MP: 2/2
   418 | D:1      | Reached XP level 2. HP: 14/16 MP: 3/3
   900 | D:1      | Found a faded altar of an unknown god.
  1020 | D:1      | Reached skill level 5 in Dodging
  1300 | D:2      | Reached XP level 3. HP: 8/19 MP: 4/4
  2084 | D:2      | Reached XP level 4. HP: 19/23 MP: 5/5
  2431 | D:2      | Reached ** piety under Trog
  2569 | D:2      | Reached skill level 6 in Dodging
  3451 | D:3      | Found a stormy altar of Qazlal.
  3648 | D:3      | Reached XP level 5. HP: 27/27 MP: 6/6
  3849 | D:3      | Reached skill level 7 in Dodging
  5068 | D:4      | Found a burning altar of Makhleb.
  5068 | D:4      | Found a shimmering blue altar of Sif Muna.
  5069 | D:4      | Found a glowing silver altar of Zin.
  5234 | D:4      | Noticed Menkaure
  5242 | D:4      | Killed Menkaure
  5243 | D:4      | Reached skill level 8 in Dodging
  5243 | D:4      | Reached XP level 6. HP: 32/32 MP: 7/7
  5548 | D:5      | Entered Level 5 of the Dungeon
  5566 | D:5      | Slain by an iguana

Illustrated notes

Levels and vault maps discovered:
D:1:      roderic_dead_forest, layout_rooms,
          shapermc_ecumenical_altar_rom_forum, hangedman_glass_teeth
D:2:      layout_basic, minmay_small_reverse_x
D:3:      layout_rooms, mainiacjoe_overflow_small_starburst,
          kennysheep_cross_bottleneck
D:4:      layout_loops_corners, gammafunk_temple_overflow_claw, uniq_menkaure
D:5:      layout_basic, kennysheep_boxes

Skill      XL: |  1  2  3  4  5 |
---------------+----------------+-----
Dodging        | 5 6 8 |  8.3
Long Blades    | 3 4 |  4.0
Fighting       | |  2.4

Action                   |  1- 3 |  4- 6 || total
-------------------------+-------+-------++-------
Melee: Falchion          |    22 |       ||    22
       Short sword       |   115 |   196 ||   311
Throw: Dart              |       |     2 ||     2
Invok: Berserk           |     4 |     6 ||    10
 Stab: Sleeping          |     2 |     4 ||     6
Armor: Animal skin       |    11 |     6 ||    17
Dodge: Dodged            |   132 |   196 ||   328

Table legend: (Time is in decaauts)
 A = Elapsed time spent in this place.
 B = Non-inter-level travel time spent in this place.
 C = Inter-level travel time spent in this place.
 D = Time resting spent in this place.
 E = Time spent auto-exploring this place.
 F = Levels seen in this place.
 G = Mean time per level.
                   A        B        C        D        E       F      G
               +--------+--------+--------+--------+--------+-----+--------+
         Total |   4674 |   4553 |    121 |   1920 |   2014 |   5 |  934.8 |
       Dungeon |   4674 |   4553 |    121 |   1920 |   2014 |   5 |  934.8 |
               +--------+--------+--------+--------+--------+-----+--------+

Top non-repeatable levels by time:
     D:4: 1378 daAuts
     D:2: 1371 daAuts
     D:1: 1106 daAuts
     D:3: 804 daAuts
     D:5: 13 daAuts
